 Dungeon Crawl Stone Soup version 0.16.1-25-gbcee3f8 (webtiles) character file.

420 drasked the Cudgeler (level 6, 0/51 HPs)
             Began as a Hill Orc Fighter on May 17, 2015.
             Slain by an ogre
             ... wielding a +0 giant club
              (18 damage)
             ... on level 4 of the Dungeon.
             The game lasted 00:06:49 (2956 turns).

drasked the Cudgeler (Hill Orc Fighter)             Turns: 2956, Time: 00:06:49

Health: 0/51       AC:  9    Str: 26    XL:     6   Next: 94%
Magic:  6/6        EV:  6    Int:  8    God:
Gold:   240        SH:  9    Dex: 10    Spells: 0 memorised, 5 levels left

rFire  . . .     SeeInvis .     a - +0 flail
rCold  . . .     Clarity  .     l - +0 chain mail
rNeg   . . .     SustAb   .     c - +0 shield
rPois  .         Gourm    .     (no helmet)
rElec  .         Spirit   .     (no cloak)
rCorr  .         Warding  .     (no gloves)
rMut   .         Stasis   .     (no boots)
MR     +....                    (no amulet)
Stlth  ..........               (no ring)
                                m - ring of protection from magic {MR+, !d}

@: mighty, somewhat resistant to hostile enchantments, extremely unstealthy
A: no striking features
a: no special abilities


You were on level 4 of the Dungeon.
You were very hungry.

You visited 1 branch of the dungeon, and saw 4 of its levels.

You collected 240 gold pieces.

Inventory:

Hand weapons
 a - a +0 flail (weapon)
Armour
 c - a +0 shield (worn)
 l - a +0 chain mail (worn)
   (You found it on level 1 of the Dungeon)
Jewellery
 m - a ring of protection from magic (left hand) {MR+, !d}
   (You found it on level 2 of the Dungeon)
Magical devices
 t - a wand of magic darts (24)
   (You found it on level 3 of the Dungeon)
Scrolls
 f - 4 scrolls of identify
 p - a scroll of immolation {unknown}
 v - a scroll of recharging {unknown}
 x - a scroll of enchant armour {unknown}
Potions
 b - a potion of resistance
 e - a potion of might
 h - a potion of magic {unknown}
 i - 2 potions of mutation {unknown}
 k - a potion of degeneration {unknown}
 n - a potion of heal wounds {unknown}
 o - a potion of invisibility {unknown}
 q - a potion of haste {unknown}
 r - 3 potions of curing {unknown}
 s - a potion of cure mutation {unknown}
 w - a potion of brilliance {unknown}
Comestibles
 d - 4 meat rations {@e2}
 g - 2 slices of pizza
 j - 2 bread rations {@e1}
 u - a beef jerky


   Skills:
 - Level 3.6 Fighting
 + Level 7.9 Maces & Flails
 - Level 3.2 Armour
 - Level 3.2 Shields


You had 5 spell levels left.
You didn't know any spells.

Dungeon Overview and Level Annotations

Branches:
Dungeon (4/15)
 Temple: D:4-7

Altars:
Makhleb


Message History

Can't find anything matching that.
Sorry, you're not good enough to have a special ability.
No target in view!
No target in view!
No target in view!
The giant frog zombie hits you but does no damage.
You sock the giant frog zombie!
You block the giant frog zombie's attack.
The giant frog zombie hits you.
You take 4 damage, and have 47/51 hp.
Your chain mail prevents you from hitting the giant frog zombie.
The giant frog zombie hits you but does no damage.
You thump the giant frog zombie! The giant frog zombie hits you.
The giant frog zombie hits you.
You take 3 damage, and have 44/51 hp.
You hit the giant frog zombie.
The giant frog zombie barely misses you.
You barely miss the giant frog zombie.
The giant frog zombie hits you but does no damage.
Your shield and chain mail prevent you from hitting the giant frog zombie.
The giant frog zombie hits you but does no damage. x2
You closely miss the giant frog zombie.
You block the giant frog zombie's attack.
You hit the giant frog zombie.
The giant frog zombie barely misses you.
You block the giant frog zombie's attack.
You sock the giant frog zombie!
You destroy the giant frog zombie!
No target in view!
No target in view!
No target in view!
You may need something to eat soon, looking for food.
Can't find anything matching that.
Sorry, you're not good enough to have a special ability.
A worker ant comes into view.
A worker ant is nearby!
A worker ant is nearby!
A worker ant is nearby!
A worker ant is nearby!
A worker ant is nearby!
An orc comes into view. It is wielding a whip of pain.
The orc shouts!
Found an escape hatch in the floor.
The worker ant bites you. You block the worker ant's attack.
You take 4 damage, and have 43/51 hp.
You barely miss the worker ant. You block the worker ant's attack.
You hit the worker ant but do no damage.
The worker ant bites you.
You take 2 damage, and have 41/51 hp.
You hit the worker ant. The worker ant bites you.
An ogre comes into view. It is wielding a giant club.
You take 5 damage, and have 36/51 hp.
The ogre shouts!
You sock the worker ant!
The worker ant bites you but does no damage.
You block the worker ant's attack.
You barely miss the worker ant. The orc hits you with a whip of pain.
The worker ant bites you but does no damage.
You closely miss the worker ant. The worker ant bites you.
You are poisoned.
The worker ant poisons you! The orc hits you but does no damage.
You writhe in agony.
You take 1 damage, and have 35/51 hp.
You hit the worker ant.
You feel sick. You block the worker ant's attack. You block the orc's attack.
You take 1 damage, and have 34/51 hp.
You closely miss the worker ant.
You feel sick. You block the worker ant's attack.
The orc hits you but does no damage. You block the worker ant's attack.
You take 1 damage, and have 33/51 hp.
You sock the worker ant!
You kill the worker ant!
The orc hits you but does no damage.
You writhe in agony.
You completely miss the orc.
You feel sick. The orc hits you but does no damage.
You take 1 damage, and have 32/51 hp.
You barely miss the ogre. The ogre hits you with a giant club!!
* * * LOW HITPOINT WARNING * * *
The orc hits you but does no damage.
You take 21 damage, and have 11/51 hp.
MASSIVE DAMAGE!!
You feel sick.
You take 1 damage, and have 10/51 hp.
You feel sick.
You take 1 damage, and have 9/51 hp.
You feel sick.
You take 1 damage, and have 9/51 hp.
You feel sick.
You feel sick.
You take 1 damage, and have 8/51 hp.
You feel sick.
You are no longer poisoned.
You take 1 damage, and have 8/51 hp.
You see here a hand axe.
You are feeling very hungry.
The ogre barely misses you.
You feel very mighty all of a sudden.
The orc jeers noisily, as Orcs often do.
The ogre hits you with a giant club!!
You die...

.##.#
#..[..........#########.
....#
#.......###.#.##....[...
### #.......#
#.#........... #.......#
#.#........... #.......#
#.##.#.######. #......o#
#.##.#.####### #####+#.#
#.##.#.....(.. #.#O#
#.##.###....##
#..@###.##...#.#..##
##...<..####.#.#....
.#####..###........#.###
.............###.###..
.........##...###.# #.#
#...............# #.#
#...........#######.# .
#....#...............
..#.
#.###........#####...


You could see an ogre and an orc.

Vanquished Creatures
  A phantom (D:4)
  A giant frog zombie (D:4)
  An iguana (D:4)
  2 hounds
  2 worker ants (D:4)
  2 orc wizards (D:3)
  A gnoll (D:1)
  4 adders
  6 giant geckos
  An ooze (D:1)
  4 orcs
  5 ball pythons
  10 bats
  5 giant cockroaches
  4 goblins
  4 hobgoblins
  2 jackals (D:1)
  5 kobolds
  5 giant newts
  2 quokkas
  6 rats
73 creatures vanquished.

Notes
Turn   | Place    | Note
--------------------------------------------------------------
     0 | D:1      | drasked, the Hill Orc Fighter, began the quest for the Orb.
     0 | D:1      | Reached XP level 1. HP: 19/19 MP: 1/1
     6 | D:1      | Reached skill level 3 in Maces & Flails
     6 | D:1      | Reached XP level 2. HP: 26/26 MP: 2/2
   127 | D:1      | Reached XP level 3. HP: 31/31 MP: 3/3
   242 | D:1      | Reached skill level 4 in Maces & Flails
   686 | D:2      | Found a burning altar of Makhleb.
   697 | D:2      | Reached XP level 4. HP: 36/39 MP: 4/4
  1097 | D:3      | Reached skill level 5 in Maces & Flails
  1496 | D:3      | Reached XP level 5. HP: 31/45 MP: 5/5
  1511 | D:3      | Reached skill level 6 in Maces & Flails
  2225 | D:4      | Reached XP level 6. HP: 34/51 MP: 6/6
  2382 | D:4      | Reached skill level 7 in Maces & Flails
  2512 | D:4      | Noticed a phantom
  2556 | D:4      | HP: 11/51 [phantom (4)]
  2565 | D:4      | Killed a phantom
  2868 | D:4      | Noticed an ogre
  2875 | D:4      | HP: 11/51 [ogre/giant club (22)]
  2882 | D:4      | HP: 9/51 [poisoned by a worker ant]
  2890 | D:4      | HP: 8/51 [poisoned by a worker ant]
  2956 | D:4      | Slain by an ogre

Action                   |  1- 3 |  4- 6 || total
-------------------------+-------+-------++-------
Melee: Flail             |    91 |   242 ||   333
Evoke: Wand              |       |     3 ||     3
  Use: Scroll            |       |     3 ||     3
       Potion            |       |     1 ||     1
  Eat: Chunk             |       |     6 ||     6

Vault maps used:
D:1:      saegor_arrival_simple_a
D:2:      makhleb_blood_cavern_becter
D:4:      minivault_24

Table legend:
 A = Turns spent in this place as a percentage of turns spent in the entire game.
 B = Non-inter-level travel turns spent in this place as a percentage of non-inter-level travel turns spent in the entire game.
 C = Inter-level travel turns spent in this place as a percentage of turns spent in this place.
 D = Turns resting spent in this place as a percentage of non-inter-level travel turns spent in this place.
 E = Turns spent auto-exploring this place as a percentage of non-inter-level travel turns spent in this place.
 F = Non-inter-level travel turns spent in this place divided by the number of levels of this place that you've seen.
                   A       B       C       D       E      F
               +-------+-------+-------+-------+-------+----------------------
         Total | 100.0 | 100.0 |   0.6 |   1.6 |   8.1 | 383.8
       Dungeon | 100.0 | 100.0 |   0.6 |   1.6 |   8.1 | 383.8
               +-------+-------+-------+-------+-------+----------------------

Table legend:
 A = Kills in this place as a percentage of kills in entire the game.
 B = Kills by you in this place as a percentage of kills by you in the entire game.
 C = Kills by friends in this place as a percentage of kills by friends in the entire game.
 D = Other kills in this place as a percentage of other kills in the entire game.
 E = Experience gained in this place as a percentage of experience gained in the entire game.
 F = Experience gained in this place divided by the number of levels of this place that you have seen.
                   A       B       C       D       E      F
               +-------+-------+-------+-------+-------+----------------------
         Total | 100.0 | 100.0 |  -nan |  -nan | 100.0 | 150.2
       Dungeon | 100.0 | 100.0 |  -nan |  -nan | 100.0 | 150.2
               +-------+-------+-------+-------+-------+----------------------
